 Dungeon Crawl Stone Soup version 0.32-a0-42-ga30500b4d3 (webtiles) character file.

Game seed: 3534209347522435791

1692 Newt the Trooper (level 8, 0/65 HPs)
             Began as a Demonspawn Gladiator on Feb 2, 2024.
             Incinerated by a bombardier beetle (2 damage)
             ... with a burning spray
             ... on level 6 of the Dungeon.
             The game lasted 00:06:45 (5175 turns).

Newt the Trooper (Demonspawn Gladiator)             Turns: 5175, Time: 00:06:46

Health: 0/65       AC: 11    Str: 20    XL:     8   Next: 72%
Magic:  17/17      EV: 11    Int:  6    God:
Gold:   186        SH:  7    Dex: 14    Spells: 2/7 levels left

rFire   . . .        e - +2 spear (pain)
rCold   + . .        t - +0 kite shield
rNeg    . . .        b - +0 leather armour
rPois   .            c - +1 helmet
rElec   .            (no cloak)
rCorr   .            r - +1 pair of gloves of Cocytus {SInv Stlth+}
SInv    +            (no boots)
Will    +....        x - amulet of faith
Stlth   +            p - +4 ring of protection
HPRegen 0.30/turn    s - ring of magical power
MPRegen 0.15/turn

%: faith
@: on fire, enlightened, flying, hasted, glowing, very quick
A: hooves 1, powered by death 3, cold resistance 1, dopey 1, strong 1, evolution
1
a: no special abilities


You were on level 6 of the Dungeon.
You visited 1 branch of the dungeon, and saw 6 of its levels.

You collected 330 gold pieces.
You spent 144 gold pieces at shops.

Inventory:

Hand Weapons
 a - a +0 rapier
 e - a +2 spear of pain (weapon)
 j - a +1 dagger of draining
Missiles
 f - 40 stones
 g - a javelin
Armour
 b - a +0 leather armour (worn)
 c - a +1 helmet (worn)
 r - the +1 pair of gloves of Cocytus (worn) {SInv Stlth+}
   (You acquired it on level 4 of the Dungeon)

   SInv:      It lets you see invisible.
   Stlth+:    It makes you more stealthy.
 t - a +0 kite shield (worn)
Jewellery
 p - a +4 ring of protection (left hand)
 s - a ring of magical power (right hand)
 x - an amulet of faith (around neck)
Wands
 o - a wand of flame (66)
Scrolls
 h - a scroll of teleportation
 i - 3 scrolls of amnesia
 k - a scroll of blinking {unknown}
 l - 3 scrolls of revelation
 m - a scroll of butterflies {unknown}
 q - 2 scrolls of enchant armour
 w - 2 scrolls of identify
 y - a scroll of silence {unknown}
 z - a scroll of enchant weapon {unknown}
Potions
 n - 2 potions of might
 u - a potion of mutation


   Skills:
 + Level 6.7 Fighting
 - Level 2.6 Short Blades
 - Level 5.2 Polearms
 - Level 1.7 Throwing
 - Level 4.3 Dodging
 * Level 6.1 Necromancy


You had 2 spell levels left.
You knew the following spells:

 Your Spells              Type           Power      Damage    Failure   Level
a - Curse of Agony        Necr           7%         N/A       98%         5

Your spell library contained the following spells:

 Spells                   Type           Power      Damage    Failure   Level
 Shock                    Conj/Air       0%         1d3       86%         1
 Summon Small Mammal      Summ           0%         N/A       86%         1
 Fugue of the Fallen      Necr           7%         N/A       38%         3
 Call Canine Familiar     Summ           0%         N/A       99%         3
 Ozocubu's Armour         Ice            0%         N/A       99%         3
 Swiftness                Air            0%         N/A       99%         3
 Airstrike                Air            0%         2d(0-16)  100%        4
 Manifold Assault         Tloc           0%         N/A       100%        4
 Summon Blazeheart Golem  Fire/Summ      0%         N/A       100%        4


Dungeon Overview and Level Annotations

Branches:
Dungeon (6/15)
 Temple: D:4-7

Altars:
Xom
Yredelemnul

Shops:
D:1 [   D:5 :


Innate Abilities, Weirdness & Mutations

You have large cloven feet.
You regenerate a lot of health from kills.
Your flesh is cold resistant. (rC+)
You are dopey. (Int -2)
Your muscles are strong. (Str +4, Int/Dex -1)
You have hidden genetic potential.


Message History

The steam dragon bites you but does no damage.
The steam dragon claws you but does no damage.
Unknown command.
You hit the steam dragon.
The steam dragon writhes in agony.
The steam dragon is almost dead.
The steam dragon breathes steam at you. The ball of steam hits you!
* * * LOW HITPOINT WARNING * * *
Unknown command.
It was a potion of mutation.
You feel extremely strange.
You feel stupid.
You feel resistant to cold.
You feel stronger.
You feel a hidden potential growing inside you.
You are engulfed in a cloud of scalding steam.
The steam dragon misses you. You block the steam dragon's attack.
It was a potion of enlightenment.
You feel very buoyant.
You fly up into the air.
You block the steam dragon's attack. x2
It was a potion of haste.
You feel yourself speed up. The steam dragon barely misses you.
The steam dragon claws you but does no damage.
Okay, then.
You hit the steam dragon.
You kill the steam dragon!
Your Necromancy skill increases to level 6!
Unknown command.
Reach: e) +2 spear (pain)
Press: ? - help, Dir - move target, f - bombardier beetle
Aim: a bombardier beetle (about 23% to evade your +2 spear of pain)
You reach to attack!
You hit the bombardier beetle but do no damage.
The bombardier beetle sprays incendiary fluid at you.
The burning spray hits you.
You are covered in liquid fire!
Unknown command.
You shake off some of the fire as you move.
The liquid fire burns you!
* * * LOW HITPOINT WARNING * * *
You shake off some of the fire as you move.
The liquid fire burns you!
You die...

..........#
#.#....#.#.
.....##'###
#.#..#.#.#.
..... #.#
#.#.##.....
...## #.#
#.#.######.
.#. #.#
#..........
#.# #.#
###.####...
#.# #.#
#.#...>.. #B#
#.#
###.#+##... #
#.# #@#
#..........
#####.#.####.#
#..........
......#..B†..#
#.......###
#.......#####
#.......#
+.......#
#......<#
#.......#
#########
...........
####.#####.#
#. [#


There were no monsters in sight!

Vanquished Creatures
  Sigmund (D:4)
  A steam dragon (D:6)
  Menkaure (D:4)
  A water moccasin (D:6)
  2 black bears
  A centaur (D:6)
  A bullfrog (D:5)
  2 scorpions
  4 wights (D:6)
  A jelly (D:6)
  4 hounds
  An orc priest (D:3)
  Ijyb (D:4)
  4 iguanas
  Robin (D:3)
  7 adders
  6 gnolls
  A ribbon worm (D:2)
  A dart slug (D:1)
  4 orcs
  6 bats
  4 endoplasms
  3 giant cockroaches
  19 goblins
  11 hobgoblins
  4 jackals (D:1)
  6 kobolds
  7 quokkas
  6 ball pythons
  4 frilled lizards
  5 rats
120 creatures vanquished.

Vanquished Creatures (others)
  An adder (D:3)
  A white imp (D:6)
  2 orcs (D:3)
  A giant cockroach (D:3)
5 creatures vanquished.

Grand Total: 125 creatures vanquished

Notes
Turn   | Place    | Note
-------+----------+-------------------------------------------
     0 | D:1      | Newt the Demonspawn Gladiator began the quest for the Orb.
     0 | D:1      | Reached XP level 1. HP: 16/16 MP: 1/1
   142 | D:1      | Gained mutation: You have large cloven feet. [demonic
                  | ancestry]
   142 | D:1      | Reached XP level 2. HP: 9/22 MP: 2/2
   473 | D:1      | Gained mutation: You regenerate a little health from kills.
                  | [demonic ancestry]
   473 | D:1      | Reached XP level 3. HP: 28/28 MP: 3/3
   770 | D:1      | Found Qoashex's Armour Emporium.
  1470 | D:2      | Found a faded altar of an unknown god.
  1483 | D:2      | Gained mutation: You regenerate health from kills. [demonic
                  | ancestry]
  1483 | D:2      | Reached XP level 4. HP: 34/34 MP: 4/4
  1533 | D:3      | Noticed Robin
  1736 | D:3      | Found a shimmering altar of Xom.
  1811 | D:3      | Reached XP level 5. HP: 38/41 MP: 5/5
  1814 | D:3      | Reached skill level 1 in Polearms
  1822 | D:3      | Killed Robin
  1880 | D:3      | You fall into a shaft and drop 1 floor!
  1890 | D:4      | Noticed Ijyb
  1900 | D:4      | Killed Ijyb
  2197 | D:4      | Noticed Sigmund
  2211 | D:4      | Killed Sigmund
  2212 | D:4      | Reached XP level 6. HP: 27/48 MP: 6/6
  2409 | D:4      | Noticed Menkaure
  2424 | D:4      | Killed Menkaure
  2863 | D:4      | Gained mutation: You regenerate a lot of health from kills.
                  | [demonic ancestry]
  2863 | D:4      | Reached XP level 7. HP: 55/55 MP: 7/7
  3030 | D:4      | Identified a scroll of acquirement
  3031 | D:4      | Acquired the +1 pair of gloves of Cocytus {SInv Stlth+}
  3595 | D:3      | Reached skill level 5 in Fighting
  3750 | D:5      | Entered Level 5 of the Dungeon
  3941 | D:5      | Reached skill level 5 in Polearms
  4291 | D:5      | Found Vudiylo's Tiny Tomes.
  4482 | D:5      | Bought the Folio of Open Graves for 144 gold pieces
  4488 | D:5      | Learned a level 5 spell: Curse of Agony
  4587 | D:6      | Reached XP level 8. HP: 61/64 MP: 8/8
  4623 | D:6      | Found a basalt altar of Yredelemnul.
  4709 | D:6      | Reached skill level 5 in Necromancy
  5168 | D:6      | HP: 3/65 [steam dragon/ball of steam (15)]
  5169 | D:6      | Gained mutation: You are dopey. (Int -2) [potion of
                  | mutation]
  5169 | D:6      | Gained mutation: Your flesh is cold resistant. (rC+)
                  | [potion of mutation]
  5169 | D:6      | Gained mutation: Your muscles are strong. (Str +4, Int/Dex
                  | -1) [potion of mutation]
  5169 | D:6      | Gained mutation: You have hidden genetic potential. [potion
                  | of mutation]
  5174 | D:6      | HP: 2/65 [burnt (2)]
  5175 | D:6      | Incinerated by a bombardier beetle

Illustrated notes

Levels and vault maps discovered:
D:1:      doesnt_arrival_eight_statues, layout_loops_ring, serial_shops, shop
D:2:      layout_loops_ring, hellmonk_ecumenical_altar_arch_garden, basic_altar
D:3:      layout_rooms, xom_confusion_cloud, uniq_robin
D:4:      layout_gridville, minmay_stone_trees_medium, uniq_ijyb, uniq_sigmund,
          uniq_menkaure
D:5:      layout_cave_pools, nrook_uturn, nicolae_shop_i_like_small_books_too
D:6:      layout_basic, yredelemnul_altar_generic

Skill      XL: |  1  2  3  4  5  6  7  8 |
---------------+-------------------------+-----
Dodging        | 3 4 |  4.3
Fighting       | 3 4 5 6 |  6.7
Polearms       | 3 4 5 |  5.2
Necromancy     | 2 6 |  6.1
Short Blades   | |  2.6
Throwing       | |  1.7

Action                     |  1- 3 |  4- 6 |  7- 9 || total
---------------------------+-------+-------+-------++-------
  Melee: Rapier            |    58 |       |       ||    58
         Kick              |    19 |    30 |    59 ||   108
         Dagger            |    51 |    18 |       ||    69
         Punch             |     1 |     1 |       ||     2
         Spear             |       |   125 |   216 ||   341
  Throw: Throwing net      |       |     5 |     1 ||     6
         Javelin           |       |     1 |       ||     1
    Use: Scroll            |     2 |     2 |     3 ||     7
         Potion            |       |     4 |     4 ||     8
   Stab: Sleeping          |     2 |     1 |     6 ||     9
         Held in net/web   |       |     3 |       ||     3
 Armour: Leather armour    |    54 |    78 |   140 ||   272
  Dodge: Dodged            |    70 |    89 |    97 ||   256
  Block: Kite shield       |       |     4 |    66 ||    70

Table legend: (Time is in decaauts)
 A = Elapsed time spent in this place.
 B = Non-inter-level travel time spent in this place.
 C = Inter-level travel time spent in this place.
 D = Time resting spent in this place.
 E = Time spent auto-exploring this place.
 F = Levels seen in this place.
 G = Mean time per level.
                   A        B        C        D        E       F      G
               +--------+--------+--------+--------+--------+-----+--------+
         Total |   5185 |   5034 |    151 |   1242 |   2856 |   6 |  864.2 |
       Dungeon |   5185 |   5034 |    151 |   1242 |   2856 |   6 |  864.2 |
               +--------+--------+--------+--------+--------+-----+--------+

Top non-repeatable levels by time:
     D:4: 1742 daAuts
     D:1: 822 daAuts
     D:2: 706 daAuts
     D:6: 674 daAuts
     D:3: 635 daAuts
     D:5: 604 daAuts
